 Seeded DCSS version 0.29.0-11-gd7f09526c8 (webtiles) character file.

Game seed: 3121381558354691732 (custom seed)

6 purpskrrrp the Shooter (level 2, 17/17 HPs)
             Began as a Kobold Hunter on Sept 7, 2022.
             Quit the game on level 1 of the Dungeon.
             The game lasted 00:01:28 (373 turns).

purpskrrrp the Shooter (Kobold Hunter)               Turns: 373, Time: 00:01:28

Health: 17/17      AC:  3    Str:  8    XL:     2   Next: 0%
Magic:  0/0        EV: 14    Int: 13    God:
Gold:   2144       SH:  0    Dex: 18    Spells: 1/1 levels left

rFire   . . .      SeeInvis .   e - +11 broad axe of the Bedazzled God {antimagic, *Slow Int+3}
rCold   . . .      Faith    .   (shield currently unavailable)
rNeg    . . .      Spirit   .   c - +0 leather armour
rPois   .          Reflect  .   (no helmet)
rElec   .          Harm     .   (no cloak)
rCorr   .          Rampage  .   (no gloves)
Will    .....                   (no boots)
Stlth   +++.......              (no amulet)
HPRegen 0.05/turn               (no ring)
MPRegen 0.07/turn               (no ring)

@: no status effects
A: small, no large weapons, nightstalker 3
a: no special abilities


You were on level 1 of the Dungeon.
You visited 1 branch of the dungeon, and saw 1 of its levels.

You collected 2144 gold pieces.

Inventory:

Hand Weapons
 a - a +0 shortbow
 e - the +11 broad axe of the Bedazzled God (weapon) {antimagic, *Slow Int+3}
   (You acquired it on level 1 of the Dungeon)

   It reduces the magical energy of the wielder, and disrupts the spells and
   magical abilities of those it strikes.
   Natural abilities and divine invocations are not affected.
   Int:       It affects your intelligence (+3).
   *Slow:     It may slow you when you take damage.
Missiles
 f - 2 throwing nets
Armour
 c - a +0 leather armour (worn)
Jewellery
 g - a +6 ring of strength
Scrolls
 b - a scroll of immolation
 d - a scroll of identify {unknown}


   Skills:
 - Level 2.1 Fighting
 + Level 5.8 Ranged Weapons
 - Level 2.4 Dodging
 - Level 1.3 Stealth


You had one spell level left.
You didn't know any spells.
Your spell library contained the following spells:

 Spells                   Type           Power      Damage    Failure   Level
 Sting                    Tmut/Pois      0%         1d3       41%         1


Dungeon Overview and Level Annotations

Branches:
Dungeon (1/15)

Altars:


Innate Abilities, Weirdness & Mutations

You are small and have problems with some larger weapons.
You are completely attuned to the shadows.


Message History

A rat comes into view.
You feel clever.
You feel magic leave you.
e - the +11 broad axe of the Bedazzled God (weapon)
{antimagic, *Slow Int+3} You slash the rat!
You kill the rat!
You slash the endoplasm!
You kill the endoplasm!
No target in view!
No target in view!
No target in view!
No target in view!
No target in view!
No target in view!
No target in view!
No target in view!
No target in view!
No target in view!
No target in view!
A rat comes into view.
A rat is nearby!
A rat is nearby!
A rat is nearby!
A frilled lizard comes into view.
The frilled lizard hisses angrily.
The rat twitches its whiskers.
You completely miss the rat. The rat barely misses you.
You hit the rat.
You kill the rat!
The frilled lizard closely misses you.
You miss the frilled lizard. The frilled lizard barely misses you.
The frilled lizard closely misses you.
You slash the frilled lizard!
You kill the frilled lizard!
You have reached level 2!
Unknown command.
Unknown command.
Unknown command.
Unknown command.
Are you sure you want to abandon this character and quit the game? (Confirm with "yes".)

≈.≈.## ..#..#....
.....#######...#.#.#.
≈...≈.......##.##.#.#.
..≈...#####.##..>....)
≈...≈.................
...)..###########.####
.≈.≈..#### #.#
.?........ ..#
..≈.†@.## .........#
.≈.≈..##.# ......# #
...≈.#


There were no monsters in sight!

Vanquished Creatures
  An endoplasm (D:1)
  2 goblins (D:1)
  A frilled lizard (D:1)
  2 rats (D:1)
6 creatures vanquished.

Notes
Turn   | Place    | Note
-------+----------+-------------------------------------------
     0 | D:1      | purpskrrrp the Kobold Hunter began the quest for the Orb.
     0 | D:1      | Reached XP level 1. HP: 12/12 MP: 1/1
   327 | D:1      | Found a faded altar of an unknown god.
   334 | D:1      | Got Plato's Secrets of Vitiation
   356 | D:1      | Identified 3 scrolls of acquirement
   356 | D:1      | Acquired 924 gold pieces
   357 | D:1      | Acquired 1156 gold pieces
   358 | D:1      | Acquired the +11 broad axe of the Bedazzled God {antimagic,
                  | *Slow Int+3}
   372 | D:1      | Reached XP level 2. HP: 17/17 MP: 0/2
   373 | D:1      | Quit the game

Illustrated notes

Levels and vault maps discovered:
D:1:      minmay_arrival_glassed_features, layout_loops_ring,
          shapermc_ecumenical_altar_rom_forum, nicolae_kite_square_tiling_tiny

Action                   || total
-------------------------++-------
Melee: Broad axe         ||     6
 Fire: Shortbow          ||     2
  Use: Scroll            ||     3
Dodge: Dodged            ||     4
